AoeStats
← A Bá

Black Forest

509092414Analyzed
4v4 RM · 8d ago on Sep 25, 2026· 53m 16s· 8 players
Game mode
Random Map
Map size
Large (8 player)
Population
200
Speed
Normal
Resources
Standard
Victory
Conquest
Starting age
Dark Age
Ending age
Imperial Age
RankedLock teamsTeams togetherTeam positionsShared explorationLock speedFull tech treeHidden civsTurbo modeCheats
Victory
Defeat
🇻🇳 Vietnamese · Vietnam
1308
+12
🇹🇼 Persians · Taiwan
1282
+13
🇹🇼 Persians · Taiwan
1260
+13
🇨🇳 Bohemians · China
1250
+14
🇹🇼 Mongols · Taiwan
1220
-13
🇦🇺 Saxons · Australia
1217
-13
🇻🇳 Cumans · Vietnam
1211
-13
🇺🇸 Dravidians · United States
1205
-13
xoxodniw
1:36 Loom
12:25 Feudal Age
16:07 Castle Age
15:17 Forging
15:13 Scale Barding Armor
30:15 Double-Bit Axe
31:53 Horse Collar
32:34 Gold Mining
33:56 Bow Saw
34:11 Stone Mining
35:51 Wheelbarrow
35:36 Heavy Plow
37:26 Stone Shaft Mining
37:27 Gold Shaft Mining
37:21 Fletching
38:15 Hand Cart
42:02 Imperial Age
40:13 Gold Shaft Mining
40:46 Chain Barding Armor
41:18 Iron Casting
40:46 Caravan
41:44 Elite War Elephant
43:01 Plate Barding Armor
42:43 Guilds
43:23 Crop Rotation
44:19 Blast Furnace
44:21 Coinage
44:26 Bodkin Arrow
45:02 Capped Ram
48:13 Two-Man Saw
48:50 Chemistry
48:11 Ballistics
48:32 Bloodlines
48:22 Husbandry
48:25 Padded Archer Armor
50:04 Banking
50:20 Siege Ram
chengaopeng044
0:43 Loom
10:57 Feudal Age
12:34 Bloodlines
14:29 Castle Age
12:41 Double-Bit Axe
14:17 Bloodlines
14:21 Scale Barding Armor
19:38 Town Watch
22:05 Bow Saw
23:36 Forging
26:12 Horse Collar
27:29 Heavy Plow
27:33 Gold Mining
28:39 Stone Mining
29:51 Wheelbarrow
32:07 Hand Cart
32:11 Caravan
36:34 Imperial Age
34:57 Iron Casting
35:09 Gold Shaft Mining
34:45 Husbandry
36:22 Heavy Camel Rider
37:25 Conscription
38:28 Blast Furnace
39:09 Crop Rotation
39:02 Chain Barding Armor
38:35 Fletching
39:56 Chemistry
39:26 Kamandaran
40:25 Plate Barding Armor
39:47 Bodkin Arrow
39:57 Padded Archer Armor
39:53 Crossbowman
40:40 Thumb Ring
41:39 Ballistics
42:39 Two-Man Saw
44:49 Coinage
45:19 Leather Archer Armor
44:37 Cavalier
46:45 Ring Archer Armor
46:47 Banking
50:26 Guilds
51:43 Savar
52:26 Scale Mail Armor
muui
0:29 Loom
13:39 Feudal Age
18:01 Castle Age
16:20 Double-Bit Axe
16:22 Horse Collar
16:45 Town Watch
20:13 Wheelbarrow
22:18 Pikeman
24:43 Fletching
24:46 Elite Skirmisher
25:45 Padded Archer Armor
25:50 Heavy Plow
29:56 Hand Cart
29:54 Bow Saw
30:32 Leather Archer Armor
36:05 Imperial Age
33:37 Scale Mail Armor
33:33 Bodkin Arrow
33:49 Forging
35:24 Chain Mail Armor
36:16 Chemistry
35:52 Caravan
37:14 Conscription
37:45 Plate Mail Armor
37:51 Iron Casting
37:47 Ring Archer Armor
38:31 Bracer
38:49 Wagenburg Tactics
38:54 Siege Engineers
38:30 Imperial Skirmisher
41:19 Two-Man Saw
41:21 Blast Furnace
41:03 Coinage
42:06 Houfnice
44:24 Ballistics
44:15 Masonry
45:50 Scale Barding Armor
45:26 Elite Hussite Wagon
49:25 Chain Barding Armor
50:34 Sappers
51:12 Hussite Reforms
51:42 Banking
51:54 Halberdier
52:34 Squires
52:20 Arson
52:03 Man-at-Arms
Chut Pro
1:09 Loom
11:20 Feudal Age
16:17 Castle Age
14:42 Horse Collar
15:35 Double-Bit Axe
17:20 Wheelbarrow
18:05 Fletching
24:54 Hand Cart
30:54 Imperial Age
28:45 Gold Mining
30:39 Scale Barding Armor
32:56 Chain Barding Armor
32:47 Forging
33:17 Elite Battle Elephant
33:58 Husbandry
34:08 Bloodlines
35:21 Plate Barding Armor
35:22 Iron Casting
37:55 Sappers
38:32 Caravan
39:44 Bow Saw
39:35 Heavy Plow
39:49 Town Watch
41:12 Two-Man Saw
40:45 Crop Rotation
47:53 Coinage
47:01 Light Cavalry
51:17 Bodkin Arrow
51:23 Padded Archer Armor
51:23 Stone Mining
53:04 Banking
CentreColonel41
12:59 Feudal Age
14:34 Loom
17:00 Castle Age
15:04 Double-Bit Axe
15:06 Horse Collar
16:40 Gold Mining
19:49 Wheelbarrow
20:22 Bow Saw
20:46 Pikeman
21:49 Forging
21:41 Scale Mail Armor
21:32 Fletching
26:52 Iron Casting
26:47 Squires
28:30 Stone Mining
28:56 Bodkin Arrow
29:02 Padded Archer Armor
30:50 Heavy Plow
33:05 Hand Cart
33:20 Leather Archer Armor
33:22 Chain Mail Armor
34:18 Thumb Ring
37:17 Imperial Age
36:53 Ballistics
38:02 Bracer
38:33 Ring Archer Armor
37:34 Halberdier
40:00 Two-Man Saw
40:09 Blast Furnace
39:41 Plate Mail Armor
40:14 Chemistry
39:07 Town Watch
39:24 Elite Elephant Archer
41:01 Town Patrol
40:32 Elite Skirmisher
41:39 Husbandry
41:01 Light Cavalry
44:01 Scale Barding Armor
44:39 Medical Corps
44:56 Conscription
45:42 Wootz Steel
45:57 Guilds
46:26 Chain Barding Armor
47:13 Masonry
47:08 Arson
49:33 Coinage
49:03 Caravan
A Bá
0:27 Loom
12:34 Feudal Age
13:17 Double-Bit Axe
18:48 Castle Age
17:55 Stone Mining
26:54 Horse Collar
30:53 Bow Saw
31:28 Wheelbarrow
32:06 Gold Mining
32:57 Heavy Plow
37:26 Imperial Age
35:04 Scale Mail Armor
35:47 Squires
35:33 Arson
36:12 Fortified Wall
36:24 Pikeman
37:37 Forging
37:42 Chain Mail Armor
38:21 Masonry
39:15 Two-Man Saw
38:02 Halberdier
39:21 Iron Casting
39:21 Crop Rotation
40:37 Conscription
41:12 Architecture
40:19 Shield Wall
42:54 Plate Mail Armor
42:14 Fletching
43:04 Hand Cart
43:32 Murder Holes
curson
1:50 Loom
11:22 Feudal Age
11:58 Double-Bit Axe
13:59 Fletching
23:27 Castle Age
25:44 Bloodlines
31:30 Husbandry
38:54 Imperial Age
38:23 Bow Saw
39:49 Bodkin Arrow
40:39 Gold Mining
41:59 Conscription
41:43 Light Cavalry
45:55 Scale Barding Armor
46:01 Forging
48:20 Chain Barding Armor
49:54 Iron Casting
51:46 Blast Furnace
Súc Vật Du Phong
6:00 Loom
10:37 Feudal Age
11:35 Double-Bit Axe
17:32 Castle Age
15:51 Horse Collar
26:20 Wheelbarrow
28:28 Forging
28:26 Scale Barding Armor
30:52 Imperial Age
30:06 Hand Cart
30:32 Iron Casting
30:21 Chain Barding Armor
30:26 Bloodlines
31:10 Heavy Plow
31:21 Gold Mining
31:23 Stone Mining
31:15 Cavalier
33:45 Plate Barding Armor
35:57 Paladin
38:27 Blast Furnace
38:10 Squires
39:03 Crop Rotation
38:44 Pikeman
39:33 Scale Mail Armor
39:24 Fletching
40:48 Gold Shaft Mining
40:37 Bow Saw
40:56 Halberdier
45:13 Chain Mail Armor
49:43 Conscription
49:05 Light Cavalry
49:50 Steppe Husbandry
50:59 Plate Mail Armor
50:56 Hussar
Connection lost

Rejoining the realm…

Still unreachable

The connection could not be restored.

Session expired

The server has moved on; the page needs a fresh start.